 Dungeon Crawl Stone Soup version 0.29-a0-613-gf2c431b9b9 (webtiles) character file.

Game seed: 4465793337375536562

9075 DuloT34 the Merchant of Misery (level 11, -1/83 HPs)
             Began as a Demonspawn Necromancer on June 16, 2022.
             Was a Believer of Kikubaaqudgha.
             Slain by a yak (11 damage)
             ... on level 2 of the Lair of Beasts.
             The game lasted 00:39:14 (13446 turns).

DuloT34 the Merchant of Misery (DsNe)              Turns: 13446, Time: 00:39:14

Health: -1/83      AC:  8    Str:  8    XL:     11   Next: 18%
Magic:  2/23       EV: 15    Int: 20    God:    Kikubaaqudgha [**....]
Gold:   679        SH:  0    Dex: 21    Spells: 4/27 levels left

rFire   . . .      SeeInvis +   h - +3 dagger (venom)
rCold   . . .      Faith    .   (no shield)
rNeg    . . .      Spirit   .   I - +0 troll leather armour
rPois   .          Reflect  .   y - +1 helmet of Benevolence {Fly rElec Regen+ Slay-6}
rElec   +          Harm     .   o - +0 cloak
rCorr   .          Rampage  .   (no gloves)
Will    .....                   (no boots)
Stlth   +++++.....              j - amulet of the acrobat
HPRegen 1.83/turn               i - ring of see invisible
MPRegen 0.18/turn               H - ring of wizardry

@: animating dead, flying
A: claws 1, thin skeletal structure 3, demonic guardian 1, foul stench 2
a: Renounce Religion, Unearth Wretches


You were on level 2 of the Lair of Beasts.
You worshipped Kikubaaqudgha.
Kikubaaqudgha was pleased with you.
You visited 3 branches of the dungeon, and saw 11 of its levels.
You also visited: Sewer and Ice Cave.

You collected 679 gold pieces.

Inventory:

Hand Weapons
 h - a +3 dagger of venom (weapon)
Missiles
 J - 14 boomerangs of dispersal (quivered)
Armour
 a - a +0 robe
 o - a +0 cloak (worn)
 x - a +0 helmet
 y - the +1 helmet of Benevolence (worn) {Fly rElec Regen+ Slay-6}
   (You found it on level 5 of the Dungeon)

   Slay:      It affects your accuracy & damage with ranged weapons and melee
   (-6).
   rElec:     It insulates you from electricity.
   Fly:       It grants you flight.
   Regen:     It increases your rate of health regeneration.
 I - a +0 troll leather armour (worn)
Jewellery
 g - a ring of ice
 i - a ring of see invisible (left claw)
 j - an amulet of the acrobat (around neck)
 C - a ring of resist corrosion
 H - a ring of wizardry (right claw)
 N - a ring of fire
Wands
 d - a wand of paralysis (17)
 m - a wand of mindburst (4)
 K - a wand of polymorph (1)
 O - a wand of flame (9)
Scrolls
 p - 7 scrolls of teleportation
 q - 2 scrolls of immolation
 u - 4 scrolls of fear
 w - a scroll of poison {unknown}
 z - 2 scrolls of enchant weapon
 D - a scroll of amnesia {unknown}
 F - a scroll of brand weapon {unknown}
 G - a scroll of enchant armour
 L - 3 scrolls of identify
 M - a scroll of blinking
Potions
 b - 2 potions of magic
 c - 3 potions of flight
 e - 7 potions of curing
 f - a potion of lignification {unknown}
 k - 3 potions of heal wounds
 l - 2 potions of resistance {unknown}
 n - 3 potions of degeneration {unknown}
 r - 4 potions of invisibility
 s - 3 potions of cancellation {unknown}
 t - a potion of berserk rage {unknown}
 v - 2 potions of ambrosia {unknown}
 A - a potion of attraction {unknown}
 B - 2 potions of mutation
 E - 2 potions of haste


   Skills:
 + Level 6.6 Fighting
 + Level 6.1 Armour
 - Level 6.1 Dodging
 - Level 1.7 Stealth
 + Level 8.9 Spellcasting
 + Level 11.1 Necromancy


You had 4 spell levels left.
You knew the following spells:

 Your Spells              Type           Power      Damage    Failure   Level
a - Necrotize             Necr           100%       1d9       1%          1
b - Vampiric Draining     Necr           52%        2d9       1%          3
c - Animate Dead          Necr           52%        N/A       1%          4
d - Dispel Undead         Necr           52%        3d19      1%          4
e - Blink                 Tloc           16%        N/A       6%          2
f - Anguish               Hex/Necr       15%        N/A       4%          4
g - Borgnjor's Vile Clut  Necr/Erth      15%        N/A       12%         5

Your spell library contained the following spells:

 Spells                   Type           Power      Damage    Failure   Level
 Freeze                   Ice            32%        1d5       4%          1
 Static Discharge         Conj/Air       8%         N/A       6%          2
 Conjure Flame            Conj/Fire      8%         6-21      13%         3
 Frozen Ramparts          Ice            16%        1d3       13%         3
 Ignite Poison            Fire/Tmut/Pois 8%         N/A       13%         3
 Lesser Beckoning         Tloc           8%         N/A       13%         3
 Hailstorm                Conj/Ice       8%         3d4       38%         4
 Sticky Flame             Conj/Fire      8%         2d3       38%         4
 Agony                    Necr           52%        N/A       1%          5
 Death Channel            Necr           26%        N/A       7%          6
 Manifold Assault         Tloc           8%         N/A       71%         5


Dungeon Overview and Level Annotations

Branches:
Dungeon (8/15)             Temple (1/1) D:7            Lair (2/6) D:8
 Spider (0/4) Lair:2        Sewer (visited)           IceCv (visited)
  Swamp: Lair:2-4    Shoals: Lair:2-4

Altars:
Ashenzari
Dithmenos
Gozag
Hepliaklqana
Kikubaaqudgha
Qazlal
Sif Muna
Trog
Uskayaw
Xom
The Shining One

Shops:
D:1 (([   D:5 =[*   D:7 [


Innate Abilities, Weirdness & Mutations

You have sharp fingernails.
You have an unnaturally thin skeletal structure. (Dex +6, Stealth+++)
A weak demonic guardian rushes to your aid.
You sometimes emit foul miasma when damaged in melee.


Message History

The yak is lightly wounded.
Your yak zombie closely misses the yak.
The yak gores your yak zombie!
The yak is wracked by anguish!
The yak gores your yak zombie!
Your yak zombie gores the yak.
The yak misses you.
Your yak zombie barely misses the yak.
You hit the yak but do no damage.
The yak looks as sick as possible!
The yak is lightly wounded.
The yak gores your yak zombie!
Your yak zombie is destroyed!
The yak gores you.
The yak bellows!
You hit the yak but do no damage.
The yak is almost dead.
Your yak zombie gores the yak.
The yak dies!
Kikubaaqudgha accepts your kill.
The dead are walking!
Your yak zombie gores the yak but does no damage.
The yak closely misses you. The yak barely misses you.
The yak gores your yak zombie.
The yak is wracked by anguish.
The yak closely misses you.
You hit the yak but do no damage.
The yak is almost dead.
Your yak zombie gores the yak!
The yak barely misses your yak zombie. The yak gores you but does no damage.
The yak gores you!
* * * LOW HITPOINT WARNING * * *
The yak is wracked by anguish!
The yak dies!
Kikubaaqudgha accepts your kill. The yak gores your yak zombie!!
You completely miss the yak.
The yak is heavily wounded.
Your yak zombie gores the yak!
Your yak zombie closely misses the yak.
The yak gores you!
* * * LOW HITPOINT WARNING * * *
A demonic guardian appears!
The yak gores your yak zombie but does no damage.
The yak gores you!
You die...
Kikubaaqudgha rasps: "You have failed me!
Welcome... death!"

...............^..###.##
........................
.....................>..
.........†...........$..
...................!.Y..
.P?.................YYYY
.P...####.##.#.5.Z##
.#....#.#.###...YZY#
............#...@##.YY...#
.#....#.....#...ZYY......#
.....##......#...##......P
.....##.....#....# ......P
.#...##+######............
......#. .....#####.##
.......... .....#.. ##
.......... ...(......
P##.##.##.# #.#P.PP


You could see 4 yaks, a friendly quasit (summoned) and 3 friendly yak zombies.

Vanquished Creatures
  Maurice (D:8)
  A black mamba (Lair:1)
  2 cane toads
  2 wyverns
  A basilisk (D:8)
  4 yaks
  A steam dragon (D:7)
  4 water moccasins
  A sky beast (D:7)
  4 black bears
  3 centaurs
  3 ogres
  6 wolves
  A kobold brigand (D:7)
  4 bullfrogs
  3 necrophages
  5 scorpions
  2 jellies (D:7)
  3 orc priests
  Crazy Yiuf (D:5)
  4 hounds
  2 iguanas
  6 orc wizards
  A hell rat (Sewer)
  A troll simulacrum (IceCv)
  7 adders
  3 gnolls
  2 river rats (Sewer)
  4 white imps
  3 ufetubi
  5 worms
  3 dart slugs
  13 orcs
  6 ball pythons
  7 endoplasms
  10 giant cockroaches
  9 goblins
  4 hobgoblins
  7 quokkas
  6 bats
  3 frilled lizards
  9 kobolds
  8 rats
175 creatures vanquished.

Vanquished Creatures (collateral kills)
  A cane toad (Lair:2)
  2 komodo dragons (Lair:1)
  2 wyverns (D:8)
  2 yaks
  Grum (D:8)
  A water moccasin (D:7)
  An ogre (D:6)
  3 wolves
  3 bullfrogs
  A gnoll sergeant (D:8)
  A killer bee (D:8)
  2 orc wizards
  8 gnolls
  A shadow imp (D:8)
  4 orcs (D:8)
  A giant cockroach (Lair:2)
  A ball python (D:1)
  A bush (D:8)
36 creatures vanquished.

Vanquished Creatures (others)
  A hydra (Lair:1)
  2 yaks (Lair:2)
  A cane toad zombie (Lair:1)
  2 wyvern zombies (D:8)
  2 yak zombies
  A wolf zombie (Lair:1)
  A bullfrog zombie (Lair:1)
  A basilisk zombie (D:8)
  A black bear zombie (Lair:1)
  A scorpion zombie (Lair:2)
  An ogre zombie (D:5)
  3 gnoll zombies (D:8)
  A giant cockroach zombie (Lair:2)
  A kobold zombie (D:7)
  An orc zombie (D:4)
  11 fungi
  13 plants
44 creatures vanquished.

Grand Total: 255 creatures vanquished

Notes
Turn   | Place    | Note
-------+----------+-------------------------------------------
     0 | D:1      | DuloT34 the Demonspawn Necromancer began the quest for the
                  | Orb.
     0 | D:1      | Reached XP level 1. HP: 13/13 MP: 3/3
   320 | D:1      | Gained mutation: You may rarely emit foul miasma when
                  | damaged in melee. [demonic ancestry]
   320 | D:1      | Reached XP level 2. HP: 19/19 MP: 1/5
   517 | D:1      | Found Ydegarum's Antique Weapon Emporium.
  1375 | D:1      | Found a faded altar of an unknown god.
  1523 | D:1      | Gained mutation: You sometimes emit foul miasma when
                  | damaged in melee. [demonic ancestry]
  1523 | D:1      | Reached XP level 3. HP: 24/24 MP: 3/6
  1555 | D:1      | Found Ocobro's Armour Shop.
  1735 | D:1      | Found Ziawoig's Antique Weapon Boutique.
  1948 | D:2      | Learned a level 3 spell: Vampiric Draining
  2464 | D:2      | Reached skill level 5 in Necromancy
  2711 | D:2      | Reached XP level 4. HP: 25/30 MP: 3/8
  4073 | D:3      | Identified a scroll of acquirement
  4073 | D:3      | Acquired a book of Touch
  4214 | D:4      | Learned a level 4 spell: Animate Dead
  4269 | D:4      | Gained mutation: You have a somewhat thin skeletal
                  | structure. (Dex +2, Stealth+) [demonic ancestry]
  4269 | D:4      | Reached XP level 5. HP: 34/35 MP: 2/9
  4336 | D:4      | Found an opulent altar of Gozag.
  5327 | D:5      | Entered Level 5 of the Dungeon
  5694 | D:5      | Found Keizxoes's Assorted Antiques.
  5792 | D:5      | Found a runed translucent door.
  5793 | D:5      | Noticed Crazy Yiuf
  5826 | D:5      | Gained mutation: You have a moderately thin skeletal
                  | structure. (Dex +4, Stealth++) [demonic ancestry]
  5826 | D:5      | Reached XP level 6. HP: 35/41 MP: 11/11
  5986 | D:5      | Reached skill level 6 in Necromancy
  5991 | D:5      | Found Adoacepi's Armour Shop.
  6188 | D:5      | Found Vabir's Jewellery Boutique.
  6614 | D:5      | Gained mutation: You have an unnaturally thin skeletal
                  | structure. (Dex +6, Stealth+++) [demonic ancestry]
  6614 | D:5      | Reached XP level 7. HP: 46/46 MP: 4/13
  7072 | D:5      | Identified the +1 helmet of Benevolence {Fly rElec Regen+
                  | Slay-6}
  7165 | D:5      | Killed Crazy Yiuf
  7358 | D:6      | Found a hazy altar of Hepliaklqana.
  7469 | D:6      | Reached skill level 5 in Spellcasting
  7469 | D:6      | Reached skill level 7 in Necromancy
  7526 | D:6      | Reached skill level 5 in Dodging
  7541 | D:6      | Gained mutation: A weak demonic guardian rushes to your
                  | aid. [demonic ancestry]
  7541 | D:6      | Reached XP level 8. HP: 40/52 MP: 0/15
  7755 | D:6      | Found a glowing drain.
  7772 | Sewer    | Entered a sewer
  8678 | D:7      | Found Utiry's Armour Emporium.
  8688 | D:7      | Reached skill level 8 in Necromancy
  8928 | D:7      | Found a shadowy altar of Dithmenos.
  8986 | D:7      | Found a staircase to the Ecumenical Temple.
  9027 | Temple   | Entered the Ecumenical Temple
  9035 | Temple   | Became a worshipper of Kikubaaqudgha
  9623 | D:7      | Reached skill level 1 in Fighting
  9631 | D:7      | Reached skill level 1 in Armour
 10002 | D:7      | Reached XP level 9. HP: 24/61 MP: 12/18
 10279 | D:7      | Learned a level 4 spell: Dispel Undead
 10282 | D:7      | Learned a level 2 spell: Blink
 10511 | D:8      | Reached skill level 9 in Necromancy
 10532 | D:8      | Reached * piety under Kikubaaqudgha
 10532 | D:8      | Received a gift from Kikubaaqudgha
 10540 | D:8      | Found a staircase to the Lair.
 10679 | D:8      | Noticed Maurice
 10689 | D:8      | Killed Maurice
 10690 | D:8      | Gained mutation: You have sharp fingernails. [demonic
                  | ancestry]
 10690 | D:8      | Reached XP level 10. HP: 73/73 MP: 19/21
 10793 | D:8      | Noticed Grum
 10821 | D:8      | Killed Grum
 10834 | D:8      | Reached skill level 10 in Necromancy
 11010 | D:8      | Learned a level 4 spell: Anguish
 11016 | D:8      | Learned a level 5 spell: Borgnjor's Vile Clutch
 11399 | Lair:1   | Entered Level 1 of the Lair of Beasts
 11432 | Lair:1   | Noticed a cane toad
 11453 | Lair:1   | Killed a cane toad
 11454 | Lair:1   | Reached skill level 5 in Fighting
 11722 | Lair:1   | Found a frozen archway.
 11743 | IceCv    | Entered an ice cave
 11979 | IceCv    | Noticed an ice statue
 12105 | Lair:1   | Reached skill level 5 in Armour
 12332 | Lair:1   | Noticed a seven-headed hydra
 12342 | Lair:1   | Killed a seven-headed hydra
 12663 | Lair:1   | Noticed a black mamba
 12672 | Lair:1   | Killed a black mamba
 12862 | Lair:2   | Noticed a cane toad
 12874 | Lair:2   | Reached XP level 11. HP: 81/81 MP: 14/23
 12874 | Lair:2   | Found a hole to the Spider Nest.
 12888 | Lair:2   | Reached ** piety under Kikubaaqudgha
 13395 | Lair:2   | Reached skill level 11 in Necromancy
 13446 | Lair:2   | Slain by a yak

Illustrated notes

Levels and vault maps discovered:
D:1:      dpeg_arrival_pits, layout_rooms, hellmonk_ecumenical_altar_crossroads,
          serial_shops, nicolae_shop_window_shopping, shop, shop,
          chequers_garden
D:2:      layout_basic, chequers_serial_rivers_marsh
D:3:      layout_loops_corners, minmay_misc_feat_four_crosses,
          minmay_hedge_maze, kennysheep_generic_room_16
D:4:      layout_basic, mainiacjoe_overflow_catwalk, mrwooster_statue_mirror,
          chequers_serial_rivers_micro_a
D:5:      layout_basic, serial_shops, shop, kennysheep_mini,
          nicolae_square_shop, uniq_crazy_yiuf_cottage
D:6:      layout_loops_ring, lemuel_coloured_pillars_altar,
          gup_sewer_entry_bubbles, nicolae_elevator_lobby_asterisk
D:7:      layout_gridville, lemuel_doored_altar,
          minmay_temple_entry_statues_pillars, serial_shops, shop,
          minmay_misc_feat_cross, minmay_unpleasant_kobolds
D:8:      layout_rooms, minmay_lair_entry_grove, serial_park_tiny_1,
          uniq_maurice, uniq_grum
Temple:   eino_temple_lava
Lair:1:   layout_regular_city, portal_ice_cave_entry_pillars_2,
          beast_lair_carwin_3
Lair:2:   layout_regular_city, nicolae_spider_entry_non_spiders,
          grunt_megastairs_2, uniq_maggie, uniq_harold, uniq_sonja

Skill      XL: |  1  2  3  4  5  6  7  8  9 10 11 |
---------------+----------------------------------+-----
Dodging        | 2 3 4 5 6 |  6.1
Necromancy     | 5 6 7 8 9 10 11 | 11.1
Spellcasting   | 3 4 5 6 7 8 |  8.9
Fighting       | 1 4 6 |  6.6
Armour         | 1 4 5 6 |  6.1
Stealth        | |  1.7

Action                   |  1- 3 |  4- 6 |  7- 9 | 10-12 || total
-------------------------+-------+-------+-------+-------++-------
Melee: Unarmed           |    11 |       |       |       ||    11
       Dagger            |    38 |    62 |   181 |   161 ||   442
       Club              |     5 |       |       |       ||     5
       Punch             |       |     2 |     6 |     4 ||    12
 Cast: Necrotize         |    52 |    49 |    40 |    15 ||   156
       Vampiric Draining |     1 |     8 |    40 |    37 ||    86
       Animate Dead      |       |     2 |     6 |     4 ||    12
       Anguish           |       |       |       |     7 ||     7
       Borgnjor's Vile C |       |       |       |     6 ||     6
Evoke: Wand              |       |     7 |     8 |     5 ||    20
  Use: Scroll            |     3 |     7 |     7 |       ||    17
       Potion            |       |     1 |       |       ||     1
 Stab: Distracted        |     1 |       |     2 |     1 ||     4
       Sleeping          |     2 |     3 |    11 |     4 ||    20
Armor: Robe              |    12 |     7 |    23 |       ||    42
       Troll leather arm |       |       |    37 |    69 ||   106
       Skin              |       |       |       |    17 ||    17
Dodge: Dodged            |    36 |    44 |   169 |   225 ||   474

Table legend: (Time is in decaauts)
 A = Elapsed time spent in this place.
 B = Non-inter-level travel time spent in this place.
 C = Inter-level travel time spent in this place.
 D = Time resting spent in this place.
 E = Time spent auto-exploring this place.
 F = Levels seen in this place.
 G = Mean time per level.
                   A        B        C        D        E       F      G
               +--------+--------+--------+--------+--------+-----+--------+
         Total |  13458 |  13101 |    357 |   4936 |   6046 |  13 | 1035.2 |
       Dungeon |  11192 |  10847 |    345 |   3936 |   5248 |   8 | 1399.0 |
        Temple |     16 |     16 |      0 |      0 |      0 |   1 |   16.0 |
          Lair |   1787 |   1776 |     11 |    704 |    772 |   2 |  893.5 |
         Sewer |    202 |    202 |      0 |    100 |     26 |   1 |  202.0 |
      Ice Cave |    258 |    258 |      0 |    196 |      0 |   1 |  258.0 |
               +--------+--------+--------+--------+--------+-----+--------+

Top non-repeatable levels by time:
     D:5: 1959 daAuts
     D:1: 1897 daAuts
     D:7: 1836 daAuts
     D:2: 1331 daAuts
  Lair:1: 1203 daAuts
     D:4: 1169 daAuts
     D:6: 1144 daAuts
     D:3: 933 daAuts
     D:8: 919 daAuts
  Lair:2: 583 daAuts
   IceCv: 258 daAuts
   Sewer: 202 daAuts
  Temple: 16 daAuts
